 Dungeon Crawl Stone Soup version 0.29.1-13-g9f3cf754e1 (webtiles) character file.

Game seed: 7620047228361749239

2451 tizbic2 the Trooper (level 9, -8/68 HPs)
             Began as a Djinni Necromancer on Feb 9, 2023.
             Was a Priest of Cheibriados.
             Mangled by an orc knight
             ... wielding a +0 trident
              (20 damage)
             ... in a bailey.
             The game lasted 00:33:08 (7206 turns).

tizbic2 the Trooper (Djinni Necromancer)            Turns: 7206, Time: 00:33:09

Health: -8/68      AC: 10    Str: 16    XL:     9   Next: 78%
Gold:   344        EV: 11    Int: 32    God:    Cheibriados [***...] SH:  5 Dex: 21

rFire   + + .      SeeInvis .   d - +9 whip of Light {protect, Int+6}
rCold   x . .      Faith    .   (no shield)
rNeg    . . .      Spirit   .   o - +0 ring mail
rPois   ∞          Reflect  +   (no helmet)
rElec   .          Harm     .   x - +0 cloak
rCorr   +          Rampage  .   (no gloves)
Will    .....                   (boots unavailable)
Stlth   ++........              u - amulet of reflection
HPRegen 0.21/turn               E - ring of resist corrosion
MPRegen 0.00/turn               s - +4 ring of protection

@: flying, very slow
A: sickness immunity, fire resistance 2, cold vulnerability 1, float, innate
caster, HP casting, extra vitality 1
a: Renounce Religion, Bend Time, Temporal Distortion


You were in a bailey.
You worshipped Cheibriados.
Cheibriados was most pleased with you.
You visited 2 branches of the dungeon, and saw 8 of its levels.
You also visited: Bailey.

You collected 344 gold pieces.

Inventory:

Hand Weapons
 d - the +9 whip of Light (weapon) {protect, Int+6}
   (You found it on level 5 of the Dungeon)

   It grants its wielder temporary protection when it strikes (+7 to AC).
   Int:       It affects your intelligence (+6).
 n - a +3 mace
 z - a +1 falchion
 D - a +0 arbalest
Missiles
 g - 2 throwing nets
 h - 2 boomerangs
 i - 35 stones (quivered)
 t - 7 poisoned darts
 G - 4 atropa-tipped darts
Armour
 m - a +0 scale mail
 o - a +0 ring mail (worn)
 v - a +0 chain mail
 x - a +0 cloak (worn)
 I - a +0 plate armour
Magical Staves
 a - a staff of fire
 B - a staff of conjuration
Jewellery
 c - a ring of protection from cold
 r - a ring of protection from fire
 s - a +4 ring of protection (right hand)
 u - an amulet of reflection (around neck)
 E - a ring of resist corrosion (left hand)
Wands
 j - a wand of paralysis (13)
 F - a wand of roots (4)
Scrolls
 b - a scroll of enchant armour {unknown}
 l - a scroll of silence {unknown}
 q - 2 scrolls of blinking {unknown}
 y - a scroll of fear {unknown}
 C - 2 scrolls of immolation
 H - a scroll of noise {unknown}
Potions
 e - 2 potions of might
 f - a potion of curing
 k - a potion of brilliance
 p - 3 potions of mutation
 A - a potion of heal wounds


   Skills:
 + Level 7.6 Fighting
 * Level 7.1 Maces & Flails
 - Level 2.8 Armour
 - Level 2.2 Dodging
 - Level 1.6 Stealth
 - Level 4.1 Spellcasting
 - Level 0.7 Invocations


You couldn't memorise any spells.
You knew the following spells:

 Your Spells              Type           Power      Damage    Failure   Level
a - Necrotise             Necr           100%       1d9       1%          1
b - Vampiric Draining     Necr           33%        2d8       5%          3
c - Animate Dead          Necr           33%        N/A       19%         4
d - Agony                 Necr           33%        N/A       45%         5
e - Summon Small Mammal   Summ           100%       N/A       1%          1
f - Blink                 Tloc           66%        N/A       2%          2
g - Mephitic Cloud        Conj/Pois/Air  33%        N/A       5%          3
h - Frozen Ramparts       Ice            66%        1d10      5%          3
Your spell library was empty.

Dungeon Overview and Level Annotations

Branches:
Dungeon (7/15)             Temple (1/1) D:4          Bailey (1/1)

Altars:
Cheibriados
Dithmenos
Elyvilon
Fedhas
Gozag
Nemelex Xobeh
Ru
Trog
Uskayaw
Wu Jian
Xom
Yredelemnul
Zin
The Shining One


Innate Abilities, Weirdness & Mutations

You are immune to sickness and miasma.
You are immune to poison.
Your flesh is very heat resistant. (rF++)
You are vulnerable to cold. (rC-)
You float through the air rather than walking.
You learn spells naturally, not from books.
Your magical power is your life essence.
You have superior vitality. (+4 MHP)


Message History

Your weapon exudes an aura of protection.
You kill the orc!
Cheibriados thoroughly appreciates the change of pace.
An orc warrior comes into view. It is wielding a +0 glaive.
An orc knight comes into view. It is wielding a +0 trident.
Things that are here:
a +0 halberd; a +0 ring mail
Casting: Mephitic Cloud (dangerous; 5% risk of failure)
Confirm with . or Enter, or press ? or * to list all spells.
Aiming: Mephitic Cloud (dangerous; 5% risk of failure)
Press: ? - help, Shift-Dir - straight line The ball explodes into a vile cloud!
The stinking cloud engulfs the orc warrior but does no damage.
The orc knight shouts!
Casting: Mephitic Cloud (dangerous; 5% risk of failure)
Confirm with . or Enter, or press ? or * to list all spells.
Aiming: Necrotise (safe; 1% risk of failure)
Press: ? - help, Shift-Dir - straight line, f - orc knight
Aim: an orc knight, wielding a +0 trident and wearing a +0 plate armour (chance to affect: 70%)
The orc knight writhes in agony!
Casting: Necrotise (safe; 1% risk of failure)
Confirm with . or Enter, or press ? or * to list all spells.
Aiming: Necrotise (safe; 1% risk of failure)
Press: ? - help, Shift-Dir - straight line, f/p - orc knight
Aim: an orc knight, wielding a +0 trident and wearing a +0 plate armour (lightly wounded, chance to affect: 70%)
The orc knight struggles to resist.
The orc knight roars a battlecry!
The orc warrior goes into a battle-frenzy!
Casting: Necrotise (safe; 1% risk of failure)
Confirm with . or Enter, or press ? or * to list all spells.
You blink.
The orc warrior hits you with a +0 glaive!!
The orc warrior hits you with a +0 glaive!
The orc knight hits you from afar with a +0 trident!
* * * LOW HITPOINT WARNING * * *
As you read the scroll of summoning, it crumbles to dust.
Wisps of shadow whirl around you...
You feel stable enough to blink again.
The orc knight hits you from afar with a +0 trident!!
You die...

............#o #..##.......
...........##o ###.##.......
...........##. #.'.##.......
...........##. ###.##....)).
...........##o #.'.##.......
...........##o#########.##.......
............#oo##o#)##..#........
............##oo#o#o#..##........
.............##o@oo.o)##.........
.....≈≈.≈≈≈...#########...≈≈≈.≈≈.
....≈≈#.##≈......###.....[≈##.#≈≈
....≈##)∩#≈...............≈#∩.##≈
....≈#..).................)....#≈
....≈##.##≈..............)≈##.##≈
....≈≈###≈≈...............≈≈###≈≈
.....≈≈≈≈≈.................≈≈≈≈≈.
.................................


You could see an orc knight (ally target), an orc warrior (strong, ally target),
a friendly orc priest (summoned, wandering) and 10 friendly orcs.

Vanquished Creatures
  Prince Ribbit (D:6)
  A wyvern (D:7)
  A water moccasin (D:7)
  A black bear (D:5)
  6 orc warriors (Bailey)
  An ice beast (D:6)
  2 phantoms (D:5)
  A necrophage (D:5)
  3 scorpions
  3 killer bees (D:5)
  5 hounds
  A jelly (D:6)
  An orc priest (D:4)
  3 iguanas
  9 adders
  A white imp (D:7)
  2 worms
  2 dart slugs (D:2)
  26 orcs
  8 ball pythons
  5 endoplasms
  4 giant cockroaches
  11 hobgoblins
  4 jackals (D:5)
  2 quokkas
  7 bats
  2 frilled lizards (D:2)
  8 goblins
  4 kobolds
  3 rats
128 creatures vanquished.

Vanquished Creatures (collateral kills)
  A necrophage (D:4)
  2 scorpions
  3 adders (D:3)
  A dart slug (D:3)
  A frilled lizard (D:1)
  3 rats
11 creatures vanquished.

Vanquished Creatures (others)
  An iguana zombie (D:6)
  An orc zombie (D:6)
2 creatures vanquished.

Grand Total: 141 creatures vanquished

Notes
Turn   | Place    | Note
-------+----------+-------------------------------------------
     0 | D:1      | tizbic2 the Djinni Necromancer began the quest for the Orb.
     0 | D:1      | tizbic2 set off with the following spells memorised:
                  | Necrotise, Vampiric Draining, Animate Dead, Agony.
     0 | D:1      | Reached XP level 1. HP: 15/15 MP: 0/0
   297 | D:1      | Reached XP level 2. HP: 13/22 MP: 0/0
   500 | D:1      | Reached skill level 1 in Fighting
   968 | D:1      | Reached XP level 3. HP: 6/28 MP: 0/0
   968 | D:1      | Learned a level 1 spell: Summon Small Mammal
  1804 | D:2      | Found a faded altar of an unknown god.
  1976 | D:2      | Reached XP level 4. HP: 28/34 MP: 0/0
  2902 | D:3      | Reached skill level 1 in Armour
  3388 | D:3      | Reached XP level 5. HP: 39/40 MP: 0/0
  3388 | D:3      | Learned a level 2 spell: Blink
  3928 | D:4      | Found a staircase to the Ecumenical Temple.
  3941 | Temple   | Entered the Ecumenical Temple
  4058 | Temple   | Became a worshipper of Cheibriados the Contemplative
  4140 | D:4      | Reached XP level 6. HP: 29/47 MP: 0/0
  4577 | D:4      | Reached XP level 7. HP: 31/53 MP: 0/0
  4577 | D:4      | Learned a level 3 spell: Mephitic Cloud
  4955 | D:5      | Entered Level 5 of the Dungeon
  4968 | D:5      | Reached * piety under Cheibriados
  4969 | D:5      | Reached skill level 1 in Maces & Flails
  5166 | D:5      | Reached skill level 5 in Fighting
  5375 | D:5      | Identified the +9 whip of Light {protect, Int+6}
  5443 | D:5      | Found a white marble altar of Elyvilon.
  5455 | D:5      | Reached XP level 8. HP: 57/59 MP: 0/0
  5609 | D:5      | Found an opulent altar of Gozag.
  5671 | D:5      | Found a glowing silver altar of Zin.
  5671 | D:5      | Noticed an angel
  5746 | D:6      | Noticed Prince Ribbit
  5756 | D:5      | Reached ** piety under Cheibriados
  5868 | D:6      | Killed Prince Ribbit
  5869 | D:6      | Reached skill level 5 in Maces & Flails
  5869 | D:6      | Reached XP level 9. HP: 39/67 MP: 0/0
  5869 | D:6      | Learned a level 3 spell: Frozen Ramparts
  6197 | D:6      | Found an ornate altar of the Wu Jian Council.
  6203 | D:6      | Noticed a spectral centipede
  6505 | D:7      | Found a flagged portal.
  6758 | Bailey   | Entered a bailey
  6962 | Bailey   | Reached *** piety under Cheibriados
  7193 | Bailey   | Noticed an orc knight
  7206 | Bailey   | Mangled by an orc knight

Illustrated notes

Levels and vault maps discovered:
D:1:      onia_arrival_mini_maze_b, layout_basic, minmay_cupped
D:2:      layout_basic, hellmonk_ecumenical_altar_crossroads
D:3:      layout_loops_corners, minmay_tree_intersection
D:4:      layout_gridville, minmay_temple_entry_ruins
D:5:      layout_basic, zin_angel, mainiacjoe_overflow_brackets,
          mainiacjoe_overflow_concentric_impassable, minmay_misc_feat_cross,
          minmay_liquid_box
D:6:      layout_cave_pools, mainiacjoe_overflow_catwalk,
          pdpol_wu_jian_five_deadly_venoms, uniq_prince_ribbit1
D:7:      layout_basic, minitemple, enter_bailey_4
Temple:   nicolae_temple_two_arcs
Bailey:   bailey_polearm_2, bailey

Skill      XL: |  1  2  3  4  5  6  7  8  9 |
---------------+----------------------------+-----
Fighting       | 1 2 3 4 5 6 7 |  7.6
Armour         | 1 2 |  2.8
Spellcasting   | 4 |  4.1
Maces & Flails | 2 5 7 |  7.1
Dodging        | |  2.2
Stealth        | |  1.6
Invocations    | |  0.7

Action                   |  1- 3 |  4- 6 |  7- 9 || total
-------------------------+-------+-------+-------++-------
Melee: Mace              |    38 |    57 |     6 ||   101
       Staff             |    12 |     4 |       ||    16
       Falchion          |       |    37 |       ||    37
       Punch             |       |     1 |     2 ||     3
       Morningstar       |       |       |    43 ||    43
       Whip              |       |       |   133 ||   133
 Fire: Arbalest          |       |       |    17 ||    17
Throw: Stone             |     2 |       |       ||     2
 Cast: Necrotise         |    33 |     6 |    11 ||    50
       Vampiric Draining |     6 |    12 |    11 ||    29
       Summon Small Mamm |     3 |    15 |     3 ||    21
       Blink             |       |     1 |     2 ||     3
       Mephitic Cloud    |       |       |     8 ||     8
       Animate Dead      |       |       |     4 ||     4
  Use: Scroll            |     2 |     5 |     7 ||    14
       Potion            |       |       |     1 ||     1
 Stab: Sleeping          |     2 |     2 |     2 ||     6
       Distracted        |     1 |     1 |     2 ||     4
       Confused          |       |       |     2 ||     2
Armor: Robe              |    13 |    28 |       ||    41
       Leather armour    |       |     1 |    63 ||    64
       Ring mail         |       |       |    48 ||    48
Dodge: Dodged            |    48 |    63 |   172 ||   283
Block: Other             |       |    22 |    54 ||    76
       Reflection        |       |       |     8 ||     8
